 Dungeon Crawl Stone Soup version 0.30-a0-1112-gfb780f5df6 (webtiles) character file.

Game seed: 7462422310810733066

334 bande the Chopper (level 6, -3/38 HPs)
             Began as a Gargoyle Fighter on Apr 19, 2023.
             Slain by a black bear (6 damage)
             ... on level 4 of the Dungeon.
             The game lasted 00:04:25 (2609 turns).

bande the Chopper (Gargoyle Fighter)                Turns: 2609, Time: 00:04:26

Health: -3/38      AC: 17    Str: 19    XL:     6   Next: 53%
Magic:  6/6        EV: 12    Int:  9    God:
Gold:   154        SH:  4    Dex: 11    Spells: 5/5 levels left

rFire   . . .      SeeInvis .    a - +0 war axe
rCold   . . .      Faith    .    c - +0 buckler
rNeg    + . .      Spirit   .    n - +0 chain mail
rPois   ∞          Reflect  .    (no helmet)
rElec   +          Rampage  .    f - +2 cloak
rCorr   .                        (no gloves)
Will    .....                    (no boots) Stlth
                                 (no amulet)
HPRegen 0.26/turn                g - +5 ring of evasion
MPRegen 0.10/turn                (no ring)

@: mighty
A: sickness immunity, AC +4, negative energy resistance 1, electricity
resistance, torment resistance 1, petrification resistance
a: no special abilities


You were on level 4 of the Dungeon.
You visited 1 branch of the dungeon, and saw 4 of its levels.

You collected 154 gold pieces.

Inventory:

Hand Weapons
 a - a +0 war axe (weapon)
 v - a +0 flail
Missiles
 k - a throwing net (quivered)
Armour
 c - a +0 buckler (worn)
 f - a +2 cloak (worn)
 n - a +0 chain mail (worn)
Jewellery
 g - a +5 ring of evasion (left hand)
 s - an amulet of magic regeneration
Wands
 w - a wand of polymorph (14)
Scrolls
 e - a scroll of teleportation {unknown}
 h - a scroll of amnesia {unknown}
 m - 4 scrolls of identify {unknown}
 o - a scroll of poison {unknown}
 p - a scroll of blinking {unknown}
 t - a scroll of magic mapping {unknown}
 u - a scroll of fear {unknown}
Potions
 b - a potion of invisibility {unknown}
 d - 2 potions of might
 i - a potion of degeneration {unknown}
 j - 2 potions of curing {unknown}
 l - a potion of heal wounds {unknown}
 q - a potion of haste {unknown}
 r - 2 potions of lignification {unknown}


   Skills:
 + Level 4.1 Fighting
 + Level 4.5(4.6) Axes
 - Level 0.5(3.1) Maces & Flails
 - Level 0.5(2.9) Polearms
 + Level 4.4 Armour
 + Level 4.0 Shields


You had 5 spell levels left.
You didn't know any spells.
Your spell library contained the following spells:

 Spells                   Type           Power      Damage    Failure   Level
 Poisonous Vapours        Pois/Air       0%         N/A       99%         2
 Mephitic Cloud           Conj/Pois/Air  0%         N/A       100%        3
 Anguish                  Hex/Necr       0%         N/A       100%        4
 Freezing Cloud           Conj/Ice/Air   0%         6-21      100%        5
 Enfeeble                 Hex            0%         N/A       100%        7


Dungeon Overview and Level Annotations

Branches:
Dungeon (4/15)
 Temple: D:4-7

Altars:

Shops:
D:3 =([


Innate Abilities, Weirdness & Mutations

You are immune to sickness and miasma.
Your stone body is resilient. (AC +4)
You are immune to poison.
You resist negative energy. (rN+)
You are resistant to electric shocks. (rElec)
You are resistant to unholy torment.
You are immune to petrification.


Message History

You are too injured to fight recklessly!
You are too injured to fight recklessly!
You are too injured to fight recklessly!
Unknown command.
You hit the ogre.
The ogre is moderately wounded.
The ogre hits you with a +0 giant spiked club!
* * * LOW HITPOINT WARNING * * *
You slash the ogre!
The ogre is severely wounded.
You block the ogre's attack.
You slash the ogre!
The ogre is almost dead.
The ogre hits you with a +0 giant spiked club.
* * * LOW HITPOINT WARNING * * *
You barely miss the ogre.
The ogre is almost dead.
You slash the ogre!
You kill the ogre!
The black bear bites you but does no damage.
The black bear claws you but does no damage. x2
You feel very mighty all of a sudden. The black bear bites you.
* * * LOW HITPOINT WARNING * * *
The black bear closely misses you. x2
You slash the black bear!
The black bear is heavily wounded.
The black bear barely misses you. The black bear closely misses you.
The black bear claws you but does no damage.
You closely miss the black bear.
The black bear is heavily wounded.
The black bear bites you but does no damage.
You block the black bear's attack. The black bear claws you.
* * * LOW HITPOINT WARNING * * *
You slash the black bear!
The black bear is almost dead.
The black bear goes berserk!
The black bear misses you.
The black bear claws you but does no damage.
The black bear claws you.
You die...

..# .. .. ###
. ###.# #.
.##.# # #.#
#.#.# #.
#h######.#
##..#
#.###@......#
###.##
#.#.###....#
.##..# #.##
#?. .##.###.
#.# .#..# #.
#.# ....#
#.######.#
.####
#.#.[....# .#
#.#.###### .#
#.#.#


You could see a black bear (berserk).

Vanquished Creatures
  2 ogres (D:4)
  An orc priest (D:4)
  Crazy Yiuf (D:2)
  2 adders
  3 worms
  4 orcs (D:4)
  5 endoplasms
  7 giant cockroaches
  7 goblins
  9 hobgoblins
  8 jackals
  4 quokkas
  3 ball pythons
  6 bats (D:1)
  3 frilled lizards
  2 kobolds
  5 rats
72 creatures vanquished.

Vanquished Creatures (others)
  A fungus (D:1)
1 creature vanquished.

Grand Total: 73 creatures vanquished

Notes
Turn   | Place    | Note
-------+----------+-------------------------------------------
     0 | D:1      | bande the Gargoyle Fighter began the quest for the Orb.
     0 | D:1      | Reached XP level 1. HP: 14/14 MP: 1/1
   211 | D:1      | Reached XP level 2. HP: 19/19 MP: 2/2
   499 | D:1      | Reached XP level 3. HP: 23/23 MP: 3/3
  1112 | D:2      | Found a runed translucent door.
  1113 | D:2      | Noticed Crazy Yiuf
  1211 | D:2      | Reached XP level 4. HP: 28/28 MP: 4/4
  1405 | D:2      | Killed Crazy Yiuf
  1513 | D:3      | Found Higuraxu's Assorted Antiques.
  1585 | D:3      | Found Lufany's Antique Armour Shop.
  1642 | D:3      | Found Qobef's Jewellery Shoppe.
  1696 | D:3      | Found Motid's Antique Weapon Shop.
  1983 | D:3      | Reached XP level 5. HP: 33/33 MP: 5/5
  1998 | D:3      | Found a faded altar of an unknown god.
  2225 | D:4      | Noticed an ogre
  2233 | D:4      | Killed an ogre
  2234 | D:4      | Reached XP level 6. HP: 20/38 MP: 6/6
  2598 | D:4      | Noticed a black bear
  2609 | D:4      | Slain by a black bear

Illustrated notes

Levels and vault maps discovered:
D:1:      dpeg_arrival_signposts, layout_loops_ring, dreamdust_mushroom_princess
D:2:      layout_rooms, minmay_misc_feat_doors, uniq_crazy_yiuf_cottage
D:3:      layout_loops_ring, shapermc_ecumenical_altar_mp_highgroup,
          serial_shops, nicolae_square_shop, nicolae_shop_window_shopping, shop,
          shop
D:4:      layout_loops_ring, pdpol_wu_jian_five_deadly_venoms,
          nicolae_overflow_crystal_walls, nicolae_overflow_hidden_temple,
          lemuel_crystal_altar, kennysheep_opposing_triangles

Skill      XL: |  1  2  3  4  5 |
---------------+----------------+-----
Axes           | 2 3 4 |  4.5
Armour         | 4 |  4.4
Fighting       | 4 |  4.1
Shields        | 4 |  4.0
Maces & Flails | |  0.5
Polearms       | |  0.5

Action                     |  1- 3 |  4- 6 || total
---------------------------+-------+-------++-------
  Melee: War axe           |   101 |   115 ||   216
    Use: Potion            |       |     1 ||     1
 Armour: Scale mail        |    29 |       ||    29
         Chain mail        |    16 |    41 ||    57
  Dodge: Dodged            |    80 |    79 ||   159
  Block: Buckler           |    34 |    27 ||    61

Table legend: (Time is in decaauts)
 A = Elapsed time spent in this place.
 B = Non-inter-level travel time spent in this place.
 C = Inter-level travel time spent in this place.
 D = Time resting spent in this place.
 E = Time spent auto-exploring this place.
 F = Levels seen in this place.
 G = Mean time per level.
                   A        B        C        D        E       F      G
               +--------+--------+--------+--------+--------+-----+--------+
         Total |   2694 |   2618 |     76 |    239 |   1805 |   4 |  673.5 |
       Dungeon |   2694 |   2618 |     76 |    239 |   1805 |   4 |  673.5 |
               +--------+--------+--------+--------+--------+-----+--------+

Top non-repeatable levels by time:
     D:1: 880 daAuts
     D:3: 675 daAuts
     D:2: 655 daAuts
     D:4: 482 daAuts
